 Dungeon Crawl Stone Soup version 0.31.0-12-g77e489cdc1 (webtiles) character file.

Game seed: 9195384414157067283

465 spaghetti the Ruffian (level 7, -1/29 HPs)
             Began as a Human Fighter on Feb 26, 2024.
             Was an Initiate of Gozag.
             Slain by an orc priest
             ... wielding a +0 whip
              (4 damage)
             ... on level 7 of the Dungeon.
             The game lasted 00:04:10 (3064 turns).

spaghetti the Ruffian (Human Fighter)               Turns: 3064, Time: 00:04:10

Health: -1/29      AC:  4    Str: 18      XL:     7   Next: 8%
Magic:  7/7        EV: 15    Int:  6 (8)  God:    Gozag
Gold:   323        SH:  0    Dex: 13      Spells: 6/6 levels left

rFire   . .          .
                       - Unarmed
rCold   . . .        b - melded +0 buckler
rNeg    . . .        o - melded +0 plate armour
rPois   .            (no helmet)
rElec   .            (no cloak)
rCorr   .            (no gloves)
SInv    +            (no boots)
Will    .....        (no amulet)
Stlth   +            g - +4 ring of protection
HPRegen 0.24/turn    p - ring of see invisible
MPRegen 0.10/turn

%: no passive effects
@: mighty, flux-form, gold aura, glowing
A: glow, contaminating, reduced hp, explore regen
a: Begin Untransformation, Renounce Religion, Potion Petition, Call Merchant,
Bribe Branch


You were on level 7 of the Dungeon.
You worshipped Gozag.
Gozag was aware of your devotion.
You were something dangerously unstable.
You visited 1 branch of the dungeon, and saw 5 of its levels.

You collected 363 gold pieces.
You paid 40 gold pieces to Gozag.

Inventory:

Armour
 a - a +0 scale mail
 b - a +0 buckler (melded)
 o - a +0 plate armour (melded)
Jewellery
 e - a ring of fire
 g - a +4 ring of protection (left hand)
 k - a ring of resist corrosion
 l - a ring of fire
 n - an amulet of magic regeneration
 p - a ring of see invisible (right hand)
Talismans
 r - a flux talisman (active)
Wands
 h - a wand of flame (18)
Scrolls
 d - a scroll of poison
 f - 4 scrolls of teleportation
 j - 2 scrolls of vulnerability
 m - 2 scrolls of fog
 q - a scroll of silence {unknown}
Potions
 c - a potion of might
 i - a potion of enlightenment


   Skills:
 - Level 3.0 Fighting
 - Level 3.0 Armour
 - Level 3.0 Shields
 - Level 6.6 Unarmed Combat
 + Level 2.7 Shapeshifting


You had 6 spell levels left.
You didn't know any spells.
Your spell library contained the following spells:

 Spells                   Type           Power      Damage    Failure   Level
 Apportation              Tloc           0%         N/A       45%         1
 Necrotise                Necr           0%         1d4       45%         1
 Sting                    Conj/Alch      0%         1d3       45%         1
 Summon Small Mammal      Summ           0%         N/A       45%         1
 Stone Arrow              Conj/Erth      0%         3d7       83%         3
 Animate Armour           Summ/Erth      0%         N/A       99%         4
 Lehudib's Crystal Spear  Conj/Erth      0%         10d2      100%        8


Dungeon Overview and Level Annotations

Branches:
Dungeon (7/15)
 Temple: D:4-7

Altars:
Gozag
The Shining One

Shops:
D:2 :


Innate Abilities, Weirdness & Mutations

You are something dangerously unstable.
You glow with magical radiation, making you easy to see and hit.
Foes you strike become dangerously contaminated with magical radiation.
Your maximum health is decreased, since you lack skill for your form.
You are incapable of wielding weapons or throwing items.
You regain HP and MP as you explore.


Message History

You are too injured to fight recklessly!
You are too injured to fight recklessly!
You are too injured to fight recklessly!
You are too injured to fight recklessly!
The orc priest shouts!
You hear a shout!
An orc priest comes into view. It is wielding a +0 whip.
You see here 6 gold pieces.
An orc comes into view. It is wielding a +0 whip.
The orc priest shouts!
The orc shouts!
The orc priest is distracted by your dazzling golden aura.
The orc moves out of view.
You are too injured to fight recklessly!
Found a potion of heal wounds.
An orc comes into view. It is wielding a +0 mace.
The orc priest shouts!
You hit the orc priest.
The orc priest begins to glow.
The orc priest is moderately wounded.
Found a falchion.
The orc priest is no longer distracted by gold.
The orc hits you with a +0 whip.
The orc priest calls down the wrath of Beogh upon you.
Beogh smites you!
The orc priest is distracted by your dazzling golden aura.
The orc priest shouts!
You feel very mighty all of a sudden. The orc barely misses you.
The orc priest calls down the wrath of Beogh upon you.
Beogh smites you!
* * * LOW HITPOINT WARNING * * *
Unknown command.
Unknown command.
You need at least 400 gold to purchase potions right now!
Unknown command.
Okay, then.
You hit the orc priest.
The orc priest glows dangerously bright.
The orc priest is heavily wounded.
The orc hits you but does no damage. The orc priest hits you with a +0 whip.
You die...
Your body crumbles into a pile of gold.

...####.####
#..........#
#######.##.#
####..#.#
.......$#
######..##
##..##
####.o#
#...po#
#...o.......
#...o###..).
#!...# ...
#..... ..
##.... .
#.... #.....


You could see 2 orc priests and 2 orcs.

Vanquished Creatures
  A bullfrog (D:7)
  An orc priest (D:3)
  A gnoll bouda (D:3)
  Ijyb (D:3)
  An iguana (D:4)
  Natasha (thrice) (D:2)
  2 orc wizards
  4 adders
  4 gnolls (D:3)
  A ribbon worm (D:3)
  2 dart slugs
  16 orcs
  5 ball pythons
  8 bats
  4 endoplasms
  2 giant cockroaches (D:1)
  5 goblins
  4 hobgoblins
  4 jackals (D:1)
  2 quokkas
  3 frilled lizards (D:1)
  5 kobolds
  4 rats
83 creatures vanquished.

Notes
Turn   | Place    | Note
-------+----------+-------------------------------------------
     0 | D:1      | spaghetti the Human Fighter began the quest for the Orb.
     0 | D:1      | Reached XP level 1. HP: 18/18 MP: 1/1
   212 | D:1      | Reached XP level 2. HP: 24/24 MP: 2/2
   351 | D:1      | Reached skill level 3 in Unarmed Combat
   537 | D:1      | Reached XP level 3. HP: 28/29 MP: 3/3
   843 | D:2      | Found Diowau's Book Shop.
   979 | D:2      | Reached skill level 4 in Unarmed Combat
  1155 | D:2      | Found a glowing golden altar of the Shining One.
  1160 | D:2      | Reached XP level 4. HP: 35/35 MP: 4/4
  1290 | D:2      | Noticed Natasha
  1297 | D:2      | Killed Natasha
  1375 | D:2      | Noticed Natasha
  1386 | D:2      | Killed Natasha
  1387 | D:2      | Reached skill level 5 in Unarmed Combat
  1387 | D:2      | Reached XP level 5. HP: 33/41 MP: 5/5
  1428 | D:2      | Noticed Natasha
  1438 | D:2      | Killed Natasha
  1651 | D:3      | Noticed Ijyb
  1665 | D:3      | Killed Ijyb
  1760 | D:3      | Found a faded altar of an unknown god.
  1900 | D:3      | Found an opulent altar of Gozag.
  1905 | D:3      | Became a worshipper of Gozag Ym Sagoz the Greedy
  1965 | D:3      | Reached skill level 6 in Unarmed Combat
  1965 | D:3      | Reached XP level 6. HP: 38/47 MP: 6/6
  2786 | D:4      | Reached skill level 1 in Shapeshifting
  3039 | D:4      | You fall into a shaft and drop 3 floors!
  3057 | D:7      | Reached XP level 7. HP: 20/52 MP: 7/7
  3064 | D:7      | Slain by an orc priest

Illustrated notes

Levels and vault maps discovered:
D:1:      dpeg_arrival_water_temple_mockup, layout_basic, serial_curves,
          eino_curves_01, eino_curves_03, eino_curves_03
D:2:      layout_basic, basic_altar, serial_shops, shop,
          hangedman_decor_clover_reticule, uniq_natasha
D:3:      layout_loops_ring, mainiacjoe_overflow_alcove_1,
          hellmonk_ecumenical_altar_pennies_from_heaven, uniq_ijyb
D:4:      layout_rooms
D:7:      layout_basic, amcnicky_mini_corridor_feature, grunt_ministairs_11

Skill      XL: |  1  2  3  4  5  6 |
---------------+-------------------+-----
Unarmed Combat | 3 4 5 6 |  6.6
Shapeshifting  | 2 |  2.7
Fighting       | |  3.0
Armour         | |  3.0
Shields        | |  3.0

Action                     |  1- 3 |  4- 6 |  7- 9 || total
---------------------------+-------+-------+-------++-------
  Melee: Unarmed           |   132 |   215 |     2 ||   349
    Use: Scroll            |     4 |       |       ||     4
         Potion            |     3 |     4 |     1 ||     8
 Armour: Scale mail        |    80 |       |       ||    80
         Plate armour      |    14 |    95 |       ||   109
         Skin              |       |    25 |     3 ||    28
  Dodge: Dodged            |    55 |    68 |     1 ||   124
  Block: Buckler           |    34 |    15 |       ||    49
   Form: Flux              |       |     1 |       ||     1
